 Dungeon Crawl Stone Soup version bcrawl-1.41.1 (webtiles) character file.

Game seed: 11861554634205754130

257495 Yshiel the Chiller (level 8, 0/57 HPs)
             Began as a Gnoll Ice Elementalist on Apr 14, 2024.
             Slain by a slave (1 damage)
             ... led by Pikel
             ... on level 4 of the Dungeon.
             The game lasted 00:23:30 (3825 turns).

Yshiel the Chiller (Gnoll Ice Elementalist)         Turns: 3825, Time: 00:23:30

Health: 0/57       AC:  7    Str: 11    XL:     8   Next: 14%
Magic:  16/16      EV: 16    Int: 18    God:
Gold:   254        SH:  0    Dex: 17    Spells: 17/18 levels left

rFire    + . .     GDR:     31% o - +0 dagger (elec)
rCold    x . .     SeeInvis .   (no shield)
rNeg     . . .     Gourm    .   v - +2 robe {MR+}
rPois    +         Faith    .   (no helmet)
rElec    .         Spirit   .   (no cloak)
rCorr    .         Reflect  .   D - +2 pair of gloves
MR       +....                  (no boots)
Stlth    +++.......             k - amulet of magic regeneration
HPRegen  0.19/turn              l - ring "Xaez" {Fire rPois}
MPRegen  0.33/turn              (no ring)

@: no status effects
A: distributed training, fangs 1, strong nose
a: no special abilities


You were on level 4 of the Dungeon.
You were very hungry.

You visited 1 branch of the dungeon, and saw 5 of its levels.

You collected 254 gold pieces.

Inventory:

Hand Weapons
 b - a +0 dagger
 o - a +0 dagger of electrocution (weapon)
 A - a +2 dagger of chaos
Missiles
 d - 593 stones (quivered)
 j - 457 bolts
 q - 741 sling bullets
 B - 62 poisoned tomahawks
Armour
 a - a +1 robe
 g - a scarf of spirit shield
 i - a +0 pair of gloves
 v - a +2 robe of magic resistance (worn)
 w - a +2 robe of fire resistance
 D - a +2 pair of gloves (worn)
Jewellery
 k - an amulet of magic regeneration (around neck)
 l - the ring "Xaez" (left hand) {Fire rPois}
   (You found it on level 1 of the Dungeon)

   [ring of fire]

   It enhances your fire magic.
   It protects you from fire.
   It makes you vulnerable to cold.
   It protects you from poison.
Wands
 c - a wand of iceblast (1)
 z - a wand of polymorph (5)
Scrolls
 f - a scroll of enchant armour
 h - a scroll of fog {unknown}
 m - a scroll of remove curse
 t - a scroll of noise {unknown}
 u - a scroll of fear {unknown}
 x - 2 scrolls of amnesia
 y - 2 scrolls of revelation
Potions
 n - 2 potions of curing {unknown}
 p - 2 potions of berserk rage {unknown}
 r - 2 potions of might {unknown}
 s - 3 potions of haste {unknown}
 C - a potion of invisibility {unknown}
 E - a potion of lignification {unknown}
Comestibles
 e - 9 rations {!d}


   Skills:
 + Level 2.9 Fighting
 + Level 2.9 Short Blades
 + Level 2.9 Long Blades
 + Level 2.9 Axes
 + Level 2.9 Maces & Flails
 + Level 2.9 Polearms
 + Level 2.9 Staves
 + Level 2.9 Slings
 + Level 2.9 Bows
 + Level 2.9 Crossbows
 + Level 2.9 Throwing
 + Level 2.9 Armour
 + Level 5.5 Dodging
 + Level 5.5 Stealth
 + Level 2.9 Shields
 + Level 2.9 Unarmed Combat
 + Level 5.8 Spellcasting
 + Level 3.2 Conjurations
 + Level 2.3 Hexes
 + Level 2.3 Charms
 + Level 2.3 Summonings
 + Level 2.3 Necromancy
 + Level 2.3 Translocations
 + Level 2.3 Transmutations
 + Level 2.3 Fire Magic
 + Level 6.0 Ice Magic
 + Level 2.3 Air Magic
 + Level 2.3 Earth Magic
 + Level 2.3 Poison Magic
 + Level 3.2 Invocations
 + Level 2.9 Evocations


You had 17 spell levels left.
You knew the following spells:

 Your Spells              Type           Power        Failure   Level  Hunger
a - Freeze                Ice            ####..       1%          1    None

Your spell library contained the following spells:

 Spells                   Type           Power        Failure   Level  Hunger
 Throw Frost              Conj/Ice       ###...       1%          2    None
 Ozocubu's Armour         Chrm/Ice       ###.....     6%          3    ##.....
 Throw Icicle             Conj/Ice       ###.....     19%         4    ####...
 Ice Form                 Ice/Tmut       ###.....     22%         4    ####...
 Summon Ice Beast         Ice/Summ       ###.....     22%         4    ####...


Dungeon Overview and Level Annotations

Branches:
Dungeon (5/12)
 Temple: D:4-7

Altars:

Annotations:
D:4 Edmund, Pikel


Innate Abilities, Weirdness & Mutations

Your experience applies equally to all skills.
You have very sharp teeth.
Your uncanny sense of smell can sniff out nearby items.


Message History

The slave is lightly wounded.
The slave closely misses you. The slave hits you.
* * * LOW HITPOINT WARNING * * *
You are feeling very hungry.
You barely miss the slave.
The slave is lightly wounded.
The slave misses you. The slave hits you but does no damage.
The ogre hits you with a +0 giant club!
* * * LOW HITPOINT WARNING * * *
Okay, then.
Okay, then.
You hit the ogre. Lightning courses through the ogre!
The ogre is severely wounded.
The slave closely misses you. The slave hits you but does no damage.
The ogre hits you with a +0 giant club.
* * * LOW HITPOINT WARNING * * *
You hit the ogre. Lightning courses through the ogre!!
You kill the ogre!
The slave hits you.
You die...

....####...#######
.... ##.#[.# #
#...##..#### #
#...## ###.# ##..#
##..## ####..##
#@p..## #.K@p####
>.....pp. #..
.........# ## ...#
.........# ##.. #
.........# #..
.......!## #.#
..##...## ###.#
##...#######


You could see Edmund, Pikel and 4 slaves.

Vanquished Creatures
  Grinder (D:3)
  Sigmund (D:2)
  2 ogres (D:4)
  A howler monkey (D:4)
  A crimson imp (D:3)
  A hound (D:4)
  A bullfrog skeleton (D:4)
  A jelly (D:3)
  An orc wizard (D:3)
  Jessica (D:2)
  Ijyb (D:3)
  Natasha (thrice) (D:3)
  2 worker ants
  4 adders (D:3)
  3 oozes
  2 worms (D:2)
  2 dart slugs
  5 leopard geckos
  8 orcs
  A giant cockroach (D:2)
  12 hobgoblins
  9 jackals
  13 kobolds
  2 quokkas
  3 ball pythons
  13 bats
  3 frilled lizards
  2 goblins
  2 rats
101 creatures vanquished.

Notes
Turn   | Place    | Note
-------+----------+-------------------------------------------
     0 | D:1      | Yshiel the Gnoll Ice Elementalist began the quest for the
                  | Orb.
     0 | D:1      | Reached XP level 1. HP: 13/13 MP: 6/6
   160 | D:1      | Reached XP level 2. HP: 19/19 MP: 5/7
   531 | D:1      | Got an ancient glass ring
   532 | D:1      | Identified the ring "Xaez" {Fire rPois} (You found it on
                  | level 1 of the Dungeon)
   579 | D:2      | Reached XP level 3. HP: 17/25 MP: 2/9
   649 | D:1      | Reached skill level 5 in Spellcasting
   765 | D:2      | Reached skill level 1 in Fighting
   765 | D:2      | Reached skill level 1 in Short Blades
   765 | D:2      | Reached skill level 1 in Long Blades
   765 | D:2      | Reached skill level 1 in Axes
   765 | D:2      | Reached skill level 1 in Maces & Flails
   765 | D:2      | Reached skill level 1 in Polearms
   765 | D:2      | Reached skill level 1 in Staves
   765 | D:2      | Reached skill level 1 in Slings
   765 | D:2      | Reached skill level 1 in Bows
   765 | D:2      | Reached skill level 1 in Crossbows
   765 | D:2      | Reached skill level 1 in Throwing
   765 | D:2      | Reached skill level 1 in Armour
   765 | D:2      | Reached skill level 1 in Shields
   765 | D:2      | Reached skill level 1 in Unarmed Combat
   765 | D:2      | Reached skill level 1 in Invocations
   765 | D:2      | Reached skill level 1 in Evocations
   765 | D:2      | Reached XP level 4. HP: 31/32 MP: 6/11
  1222 | D:3      | Noticed Natasha
  1432 | D:2      | Noticed Sigmund
  1441 | D:2      | Killed Sigmund
  1442 | D:2      | Reached skill level 1 in Hexes
  1442 | D:2      | Reached skill level 1 in Charms
  1442 | D:2      | Reached skill level 1 in Summonings
  1442 | D:2      | Reached skill level 1 in Necromancy
  1442 | D:2      | Reached skill level 1 in Translocations
  1442 | D:2      | Reached skill level 1 in Transmutations
  1442 | D:2      | Reached skill level 1 in Fire Magic
  1442 | D:2      | Reached skill level 1 in Air Magic
  1442 | D:2      | Reached skill level 1 in Earth Magic
  1442 | D:2      | Reached skill level 1 in Poison Magic
  1442 | D:2      | Reached XP level 5. HP: 38/38 MP: 7/12
  1442 | D:2      | Reached XP level 6. HP: 44/44 MP: 7/13
  1459 | D:2      | Noticed Jessica
  1464 | D:2      | Killed Jessica
  1749 | D:3      | Killed Natasha
  1755 | D:3      | Reached skill level 5 in Dodging
  1755 | D:3      | Reached skill level 5 in Stealth
  2257 | D:3      | Noticed Grinder
  2286 | D:3      | Killed Grinder
  2287 | D:3      | Reached XP level 7. HP: 43/51 MP: 15/15
  2466 | D:3      | Noticed Natasha
  2484 | D:3      | Killed Natasha
  2660 | D:3      | Noticed Natasha
  2665 | D:3      | Killed Natasha
  3166 | D:3      | Noticed Ijyb
  3180 | D:3      | Killed Ijyb
  3507 | D:4      | Reached XP level 8. HP: 48/57 MP: 10/16
  3532 | D:4      | Reached skill level 6 in Ice Magic
  3738 | D:5      | Entered Level 5 of the Dungeon
  3811 | D:4      | Noticed Edmund
  3814 | D:4      | Noticed Pikel
  3824 | D:4      | HP: 1/57 [ogre/+0 giant club (4)]
  3825 | D:4      | Slain by a slave

Skill      XL: |  1  2  3  4  5  6  7  8 |
---------------+-------------------------+-----
Conjurations   | 2 3 |  3.2
Spellcasting   | 5 |  5.8
Fighting       | 1 2 |  2.9
Short Blades   | 1 2 |  2.9
Long Blades    | 1 2 |  2.9
Axes           | 1 2 |  2.9
Maces & Flails | 1 2 |  2.9
Polearms       | 1 2 |  2.9
Staves         | 1 2 |  2.9
Slings         | 1 2 |  2.9
Bows           | 1 2 |  2.9
Crossbows      | 1 2 |  2.9
Throwing       | 1 2 |  2.9
Armour         | 1 2 |  2.9
Shields        | 1 2 |  2.9
Unarmed Combat | 1 2 |  2.9
Invocations    | 1 2 3 |  3.2
Evocations     | 1 2 |  2.9
Hexes          | 1 2 |  2.3
Charms         | 1 2 |  2.3
Summonings     | 1 2 |  2.3
Necromancy     | 1 2 |  2.3
Translocations | 1 2 |  2.3
Transmutations | 1 2 |  2.3
Fire Magic     | 1 2 |  2.3
Air Magic      | 1 2 |  2.3
Earth Magic    | 1 2 |  2.3
Poison Magic   | 1 2 |  2.3
Dodging        | 5 |  5.5
Stealth        | 5 |  5.5
Ice Magic      | 6 |  6.0

Action                   |  1- 3 |  4- 6 |  7- 9 || total
-------------------------+-------+-------+-------++-------
Melee: Unarmed           |     1 |       |       ||     1
       Dagger            |     7 |   110 |    80 ||   197
       Bite              |       |     8 |     7 ||    15
       Punch             |       |       |     1 ||     1
 Cast: Freeze            |    40 |    31 |    27 ||    98
  Use: Scroll            |     1 |     4 |       ||     5
       Potion            |       |     2 |       ||     2
 Stab: Sleeping          |     2 |     3 |     4 ||     9
  Eat: Chunk             |       |     8 |     5 ||    13
Armor: Robe              |    11 |    25 |    26 ||    62
       Skin              |       |       |     3 ||     3
Dodge: Dodged            |    23 |    78 |    70 ||   171
